 Dungeon Crawl Stone Soup version 0.31-a0-208-gdb31a4691d (webtiles) character file.

Game seed: 14513743023306426905

11279 Hubris850 the Basher (level 11, -6/92 HPs)
             Began as a Minotaur Fighter on June 28, 2023.
             Was a High Priest of Okawaru.
             Mangled by a death yak simulacrum (39 damage)
             ... animated by a necromancer
             ... in a Gauntlet.
             The game lasted 00:24:45 (8504 turns).

Hubris850 the Basher (Minotaur Fighter)             Turns: 8504, Time: 00:24:45

Health: -6/92      AC: 14    Str: 29    XL:     11   Next: 47%
Magic:  14/14      EV: 12    Int:  5    God:    Okawaru [*****.]
Gold:   407        SH:  9    Dex: 18    Spells: 10/10 levels left

rFire   + + .        g - +8 whip "Faiwn" {vamp, Str+3 Dex+3}
rCold   . . .        c - +3 buckler
rNeg    . . .        z - +2 chain mail of Yrevota {-Cast rElec rF++ rCorr}
rPois   .            (helmet restricted)
rElec   +            K - scarf {+Inv}
rCorr   +            (no gloves)
SInv    .            E - +0 pair of boots
Will    .....        I - amulet of regeneration Stlth
                     p - +6 ring of dexterity
HPRegen 1.15/turn    (no ring)
MPRegen 0.14/turn

%: no teleportation, no spellcasting
@: mighty
A: horns 2, retaliatory headbutt
a: Renounce Religion, Evoke Invisibility, Heroism, Finesse, Duel


You were in a Gauntlet.
You worshipped Okawaru.
Okawaru was extremely pleased with you.
You visited 2 branches of the dungeon, and saw 11 of its levels.
You also visited: Gauntlet.

You collected 407 gold pieces.

Inventory:

Hand Weapons
 a - a +0 war axe
 f - a +2 dagger of venom
 g - the +8 whip "Faiwn" (weapon) {vamp, Str+3 Dex+3}
   (You found it on level 4 of the Dungeon)

   Str:       It affects your strength (+3).
   Dex:       It affects your dexterity (+3).
 q - a +2 antimagic war axe
 s - a +1 spear of flaming
 u - a +4 club of electrocution
 G - a +2 demon whip of electrocution
Missiles
 k - 30 poisoned darts
 A - 5 boomerangs of dispersal
 F - 3 datura-tipped darts
 J - a curare-tipped dart
 L - 7 boomerangs (quivered)
 R - a javelin
Armour
 c - a +3 buckler (worn)
 j - a +0 cloak
 o - a +2 scale mail of fire resistance
 w - a +0 scale mail of poison resistance
 z - the +2 chain mail of Yrevota (worn) {-Cast rElec rF++ rCorr}
   (You found it on level 5 of the Dungeon)

   rF:        It greatly protects you from fire.
   rElec:     It insulates you from electricity.
   -Cast:     It prevents spellcasting.
   rCorr:     It protects you from acid and corrosion.
 D - a scarf of shadows
 E - a +0 pair of boots (worn)
 K - a scarf of invisibility (worn)
 N - the -1 pair of boots of the Tundras {rC++ Str-2 Stlth+}
   (You found it in a Gauntlet)

   Str:       It affects your strength (-2).
   rC:        It greatly protects you from cold.
   Stlth:     It makes you more stealthy.
Jewellery
 p - a +6 ring of dexterity (left hand)
 I - an amulet of regeneration (around neck)
Wands
 H - a wand of flame (14)
 M - a wand of iceblast (3)
Scrolls
 e - 2 scrolls of enchant armour
 m - a scroll of silence
 n - 4 scrolls of fog
 t - 6 scrolls of teleportation
 x - a scroll of amnesia
 y - a scroll of vulnerability
 Q - 4 scrolls of fear
Potions
 b - a potion of lignification {unknown}
 d - 6 potions of might
 h - 8 potions of curing
 i - 2 potions of heal wounds
 l - a potion of brilliance
 r - a potion of invisibility
 v - 2 potions of mutation
 B - a potion of haste
 C - 2 potions of attraction {unknown}
 P - 2 potions of enlightenment {unknown}


   Skills:
 + Level 7.4 Fighting
 - Level 2.4(8.0) Axes
 - Level 11.8(12.0) Maces & Flails
 - Level 8.0 Throwing
 + Level 7.4 Armour
 + Level 5.7 Dodging
 + Level 7.3 Shields
 - Level 6.0 Invocations
 - Level 4.0 Evocations


You had 10 spell levels left.
You didn't know any spells.
Your spell library contained the following spells:

 Spells                   Type           Power      Damage    Failure   Level
 Magic Dart               Conj           0%         1d3       92%         1
 Static Discharge         Conj/Air       0%         2-2/arc   98%         2
 Dazzling Flash           Conj/Hex       0%         N/A       100%        3
 Frozen Ramparts          Ice            0%         1d1       100%        3
 Mephitic Cloud           Conj/Pois/Air  0%         N/A       100%        3
 Vhi's Electric Charge    Tloc/Air       0%         N/A       100%        3
 Airstrike                Air            0%         2d(0-16)  100%        4
 Ice Form                 Ice/Tmut       0%         N/A       100%        4
 Agony                    Necr           0%         N/A       100%        5
 Arcjolt                  Conj/Air       0%         1d10      100%        5
 Silence                  Hex/Air        0%         N/A       100%        5
 Plasma Beam              Fire/Air       0%         2x1d10    100%        6
 Call Imp                 Summ           Unusable   N/A       N/A         2
 Summon Ice Beast         Ice/Summ       Unusable   N/A       N/A         4
 Summon Lightning Spire   Summ/Air       Unusable   N/A       N/A         4

Dungeon Overview and Level Annotations

Branches:
Dungeon (10/15)            Temple (0/1) D:5            Lair (1/5) D:9
Gauntlet (1/1)
    Orc: D:9-12

Altars:
Cheibriados
Dithmenos
Elyvilon
Fedhas
Kikubaaqudgha
Makhleb
Okawaru
Qazlal
Ru
Trog
Yredelemnul

Shops:
D:1 =   D:4 [

Annotations:
Gauntlet 9 transporters, 19 runed translucent doors, exclusion: lightning spire


Innate Abilities, Weirdness & Mutations

You have a pair of horns on your head.
You reflexively headbutt those who attack you in melee.


Message History

You hit the death yak.
You feel better.
The death yak is lightly wounded.
You whack the death yak!
The death yak is moderately wounded.
You block the death yak's attack. The death yak barely misses you.
You whack the death yak!
You feel better.
You headbutt the death yak.
The death yak is heavily wounded.
You block the death yak simulacrum's attack.
You hit the death yak.
The death yak is heavily wounded.
The necromancer casts a spell.
The necromancer binds the souls of nearby monsters.
You block the death yak's attack. The death yak gores you!
You completely miss the death yak. You headbutt the death yak!
The death yak is severely wounded.
The death yak simulacrum gores you. The death yak simulacrum freezes you!
You whack the death yak!
You feel better.
You headbutt the death yak, but do no damage.
The death yak is severely wounded.
The death yak gores you!
The death yak gores you but does no damage.
You whack the death yak!
You feel better.
You kill the death yak!
Okawaru is honoured by your kill. Okawaru grants you throwing weapons!
Something appears at your feet!
A freezing mist starts to gather...
A death yak simulacrum comes into view.
You block the death yak simulacrum's attack.
You whack the death yak simulacrum!
The death yak simulacrum is moderately damaged.
The death yak simulacrum gores you! The death yak simulacrum freezes you!
The death yak simulacrum gores you but does no damage.
The death yak gores you!!
You whack the death yak simulacrum! You headbutt the death yak simulacrum.
The death yak simulacrum is severely damaged.
You completely miss the death yak. You block the necromancer's attack.
You block the death yak's attack.
The death yak simulacrum gores you but does no damage.
The death yak simulacrum gores you. The death yak simulacrum freezes you!!!
You die...

##...#..####.#...#.#...#.#
#≈...#...©...#...#.#.#..
##...#########...#..=.©?
#≈.....#.©.#.....#######
##.8...#.8.#...8....#.©.
##......#.©.#........#...
#§...###########.....#.©.
##...#..+.©Z+..#...######
#≈...#..+Z@Y+..#...#.....
##...#++#+#p#++#...#.#####.
#≈...#..+..Y+..#...#^..#..^
##.8.#..+...+..#.8.####©###
#≈...#++#...#++#...#^..#..^
##...#..#'''#..#...#.#####h
#≈...#.........#...#.![©.[8
##...#...:©[!..#...########
#§...###########...........


You could see 2 death yaks, a necromancer and 2 death yak simulacra.

Vanquished Creatures
  A balrug (Gauntlet)
  2 death yaks (Gauntlet)
  A two-headed ogre (D:7)
  An ugly thing (D:7)
  2 cane toads (Lair:1)
  A hornet (D:8)
  Grinder (D:3)
  4 blink frogs (Lair:1)
  14 yaks
  3 wyverns
  Eustachio (D:4)
  A steam dragon (D:8)
  A hell hound (Gauntlet)
  2 water moccasins
  5 orc warriors
  2 ice beasts
  2 sky beasts
  The ghost of promet the Trooper, an amateur MiFi (D:4)
  2 black bears
  2 ogres (D:4)
  A centaur (D:8)
  A phantom (D:5)
  3 kobold brigands
  2 gnoll sergeants
  A scorpion (D:4)
  5 bullfrogs
  4 wights
  3 killer bees (D:8)
  3 howler monkeys
  2 hounds
  Crazy Yiuf (D:4)
  7 jellies
  An orc priest (D:8)
  2 iguanas
  7 orc wizards
  3 sleepcaps
  Robin (D:4)
  14 gnolls
  10 adders
  A shadow imp (D:6)
  A white imp (D:3)
  A worm (D:4)
  4 dart slugs
  35 orcs
  9 ball pythons
  9 bats
  3 endoplasms
  4 giant cockroaches
  16 goblins
  11 hobgoblins
  2 jackals (D:4)
  14 kobolds
  6 quokkas
  5 frilled lizards
  6 rats
247 creatures vanquished.

Notes
Turn   | Place    | Note
-------+----------+-------------------------------------------
     0 | D:1      | Hubris850 the Minotaur Fighter began the quest for the Orb.
     0 | D:1      | Reached XP level 1. HP: 19/19 MP: 0/0
    56 | D:1      | HP: 1/20 [poisoned by a goblin]
    57 | D:1      | Reached XP level 2. HP: 2/27 MP: 1/1
   293 | D:1      | Found Zuolamip's Jewellery Shop.
   298 | D:1      | Reached skill level 1 in Dodging
   462 | D:1      | Reached XP level 3. HP: 29/33 MP: 2/2
   595 | D:1      | Found a faded altar of an unknown god.
  1117 | D:2      | Reached XP level 4. HP: 41/41 MP: 3/3
  1875 | D:3      | Noticed Grinder
  1890 | D:3      | Killed Grinder
  1891 | D:3      | Reached skill level 5 in Fighting
  1891 | D:3      | Reached skill level 5 in Armour
  1891 | D:3      | Reached skill level 5 in Shields
  1891 | D:3      | Reached XP level 5. HP: 20/48 MP: 1/4
  1891 | D:3      | Reached XP level 6. HP: 24/56 MP: 1/5
  2316 | D:3      | Found a faded altar of an unknown god.
  2321 | D:3      | Found a basalt altar of Yredelemnul.
  2676 | D:4      | Noticed Robin
  2727 | D:4      | Killed Robin
  2905 | D:4      | Reached XP level 7. HP: 31/62 MP: 2/6
  3007 | D:4      | Found a sacrificial altar of Ru.
  3076 | D:4      | Found a runed translucent door.
  3078 | D:4      | Noticed promet's ghost (amateur MiFi)
  3217 | D:4      | Found Apollo's Dragon-Slaying Spoils.
  3508 | D:4      | Found an iron altar of Okawaru.
  3517 | D:4      | Became a worshipper of Warmaster Okawaru
  3521 | D:4      | Identified the +8 whip "Faiwn" {vamp, Str+3 Dex+3}
  3575 | D:4      | Noticed Eustachio
  3589 | D:4      | Killed Eustachio
  3590 | D:4      | Reached skill level 3 in Maces & Flails
  3603 | D:4      | Found a runed translucent door.
  3604 | D:4      | Noticed Crazy Yiuf
  3612 | D:4      | Killed Crazy Yiuf
  3906 | D:4      | Killed promet's ghost
  3907 | D:4      | Reached skill level 4 in Maces & Flails
  3907 | D:4      | Reached XP level 8. HP: 64/71 MP: 7/7
  3939 | D:5      | Entered Level 5 of the Dungeon
  3949 | D:5      | Reached skill level 5 in Maces & Flails
  3984 | D:5      | Reached * piety under Okawaru
  4006 | D:5      | Reached skill level 6 in Maces & Flails
  4019 | D:5      | Identified the +2 chain mail of Yrevota {-Cast rElec rF++
                  | rCorr}
  4308 | D:5      | Found a staircase to the Ecumenical Temple.
  5127 | D:6      | Reached skill level 7 in Maces & Flails
  5162 | D:6      | Reached skill level 8 in Maces & Flails
  5314 | D:6      | Found a stormy altar of Qazlal.
  5320 | D:6      | Noticed an air elemental
  5407 | D:6      | Reached ** piety under Okawaru
  5408 | D:6      | Reached skill level 9 in Maces & Flails
  5623 | D:6      | Found a bloodstained altar of Trog.
  5695 | D:6      | Reached XP level 9. HP: 77/77 MP: 8/8
  5736 | D:6      | Found a snail-covered altar of Cheibriados.
  5737 | D:6      | Found a white marble altar of Elyvilon.
  5807 | D:6      | Reached skill level 10 in Maces & Flails
  5828 | D:7      | Reached skill level 11 in Maces & Flails
  5849 | D:7      | Found a blossoming altar of Fedhas.
  5939 | D:7      | Found an ancient bone altar of Kikubaaqudgha.
  6046 | D:7      | Reached skill level 1 in Throwing
  6046 | D:7      | Reached skill level 1 in Invocations
  6046 | D:7      | Reached skill level 1 in Evocations
  6060 | D:7      | Reached *** piety under Okawaru
  6144 | D:7      | Noticed a two-headed ogre
  6150 | D:7      | Killed a two-headed ogre
  6151 | D:7      | Reached XP level 10. HP: 81/84 MP: 9/11
  6197 | D:7      | Noticed a green ugly thing
  6214 | D:7      | Killed a green ugly thing
  6769 | D:8      | Reached **** piety under Okawaru
  7141 | D:8      | Received a gift from Okawaru
  7207 | D:8      | Reached skill level 5 in Throwing
  7291 | D:8      | Reached skill level 5 in Invocations
  7479 | D:9      | Found a shadowy altar of Dithmenos.
  7739 | D:9      | Found a burning altar of Makhleb.
  7806 | D:9      | Found a staircase to the Lair.
  7902 | D:9      | Reached ***** piety under Okawaru
  8095 | D:10     | Entered Level 10 of the Dungeon
  8127 | D:10     | Reached XP level 11. HP: 74/90 MP: 14/14
  8150 | Lair:1   | Entered Level 1 of the Lair of Beasts
  8208 | Lair:1   | Received a gift from Okawaru
  8255 | Lair:1   | Found a gate leading to a gauntlet.
  8265 | Gauntlet | Entered a Gauntlet
  8265 | Gauntlet | Noticed a white ugly thing
  8265 | Gauntlet | Noticed a white ugly thing
  8265 | Gauntlet | Found a transporter.
  8266 | Gauntlet | Noticed a glowing orange brain
  8268 | Gauntlet | Found a transporter.
  8270 | Gauntlet | Noticed a balrug
  8284 | Gauntlet | Found a transporter.
  8285 | Gauntlet | Found a transporter.
  8287 | Gauntlet | Found a large runed translucent door.
  8287 | Gauntlet | Found a large runed translucent door.
  8288 | Gauntlet | Found a large runed translucent door.
  8288 | Gauntlet | Found a large runed translucent door.
  8289 | Gauntlet | Found a large runed translucent door.
  8289 | Gauntlet | Found a large runed translucent door.
  8289 | Gauntlet | Found a runed translucent door.
  8289 | Gauntlet | Found a runed translucent door.
  8290 | Gauntlet | Found a large runed translucent door.
  8290 | Gauntlet | Found a large runed translucent door.
  8291 | Gauntlet | Found a large runed translucent door.
  8291 | Gauntlet | Found a large runed translucent door.
  8292 | Gauntlet | Found a large runed translucent door.
  8292 | Gauntlet | Found a large runed translucent door.
  8293 | Gauntlet | Found a runed translucent gate.
  8293 | Gauntlet | Found a runed translucent gate.
  8293 | Gauntlet | Found a runed translucent gate.
  8294 | Gauntlet | Noticed a death yak
  8294 | Gauntlet | Noticed a death yak
  8294 | Gauntlet | Noticed a death yak
  8295 | Gauntlet | Found a transporter.
  8295 | Gauntlet | Noticed a death yak
  8295 | Gauntlet | Noticed a necromancer
  8307 | Gauntlet | Found a large runed translucent door.
  8308 | Gauntlet | Found a large runed translucent door.
  8317 | Gauntlet | Found a transporter.
  8318 | Gauntlet | Found a large runed translucent door.
  8318 | Gauntlet | Found a large runed translucent door.
  8330 | Gauntlet | Found a transporter.
  8351 | Gauntlet | Found a transporter.
  8351 | Gauntlet | Found a transporter.
  8353 | Gauntlet | Found a runed translucent door.
  8355 | Gauntlet | Found a runed translucent door.
  8359 | Gauntlet | Found a transporter.
  8360 | Gauntlet | Noticed a ghost crab
  8373 | Gauntlet | Noticed a glowing orange brain
  8405 | Gauntlet | Found a transporter.
  8405 | Gauntlet | Found a transporter.
  8445 | Gauntlet | Killed a balrug
  8445 | Gauntlet | Received a gift from Okawaru
  8446 | Gauntlet | Reached skill level 5 in Dodging
  8458 | Gauntlet | Identified the -1 pair of boots of the Tundras {rC++ Str-2
                  | Stlth+}
  8493 | Gauntlet | Killed a death yak
  8500 | Gauntlet | Killed a death yak
  8500 | Gauntlet | Received a gift from Okawaru
  8504 | Gauntlet | Mangled by a death yak simulacrum

Illustrated notes

Levels and vault maps discovered:
D:1:      dpeg_arrival_tiny_h, layout_basic, serial_curves, eino_curves_02,
          eino_curves_02, eino_curves_03, hellmonk_ecumenical_altar_crossroads,
          serial_shops, shop
D:2:      layout_basic, serial_curves, eino_curves_03, eino_curves_02,
          eino_curves_01, eino_curves_02
D:3:      layout_loops_corners, nicolae_overflow_ecumenical_swirl, uniq_grinder
D:4:      layout_basic, mainiacjoe_overflow_boulevard,
          mainiacjoe_overflow_small_starburst, ebering_ghost_sewer_d,
          nicolae_shop_dragon_depot, uniq_crazy_yiuf_cottage, uniq_eustachio,
          uniq_robin
D:5:      layout_cave_pods, minmay_temple_entry_statues_fountains,
          palyth_stone_intersect, kennysheep_generic_room_3
D:6:      layout_basic, nicolae_qazlal_style_of_elements, trog_book,
          gammafunk_temple_overflow_pools
D:7:      layout_loops_cross, mainiacjoe_overflow_24_doors,
          fedhas_ov_isle_minmay, minmay_shattered_shrine
D:8:      layout_basic
D:9:      layout_roguey, mainiacjoe_overflow_cross_hatched,
          nicolae_dithmenos_through_a_glass_darkly, lair_entry_dummy
D:10:     layout_stronghold, orc_0_dummy
Lair:1:   layout_chaotic_city, gauntlet_entry_generic, serial_bayou_shore_b
Gauntlet: minmay_gauntlet_mixed_oops_all_seconds [minmay_gauntlet_arena_77_box,
          nicolae_gauntlet_arena_grate_2, minmay_gauntlet_arena_77_cramped,
          minmay_gauntlet_arena_make_your_own_arena,
          minmay_gauntlet_arena_77_two_paths, gammafunk_gauntlet_arena_crates,
          gauntlet_exit_hidden_loot]

Skill      XL: |  1  2  3  4  5  6  7  8  9 10 11 |
---------------+----------------------------------+-----
Dodging        | 1 3 4 5 |  5.7
Armour         | 4 5 6 7 |  7.4
Fighting       | 4 5 6 7 |  7.4
Shields        | 4 5 6 7 |  7.3
Maces & Flails | 4 9 11 | 11.8
Throwing       | 3 7 8 |  8.0
Invocations    | 3 6 |  6.0
Evocations     | 2 4 |  4.0
Axes           | |  2.4

Action                     |  1- 3 |  4- 6 |  7- 9 | 10-12 || total
---------------------------+-------+-------+-------+-------++-------
  Melee: War axe           |    19 |    72 |    28 |       ||   119
         Headbutt          |    11 |    15 |    56 |    67 ||   149
         Dagger            |    75 |    24 |       |       ||    99
         Whip              |       |       |   227 |   266 ||   493
  Throw: Dart              |       |       |     3 |     3 ||     6
 Invoke: Heroism           |       |       |     1 |     3 ||     4
         Finesse           |       |       |       |     1 ||     1
Ability: Evoke Invisibilit |       |       |       |     1 ||     1
    Use: Scroll            |     3 |     6 |     3 |     9 ||    21
         Potion            |       |       |       |     3 ||     3
   Stab: Invisible         |       |       |       |     4 ||     4
 Armour: Scale mail        |     7 |    15 |    29 |       ||    51
         Chain mail        |    35 |    21 |    30 |    51 ||   137
  Dodge: Dodged            |    34 |    51 |   101 |    70 ||   256
  Block: Buckler           |    19 |    47 |    92 |    68 ||   226

Table legend: (Time is in decaauts)
 A = Elapsed time spent in this place.
 B = Non-inter-level travel time spent in this place.
 C = Inter-level travel time spent in this place.
 D = Time resting spent in this place.
 E = Time spent auto-exploring this place.
 F = Levels seen in this place.
 G = Mean time per level.
                   A        B        C        D        E       F      G
               +--------+--------+--------+--------+--------+-----+--------+
         Total |   8345 |   7925 |    420 |    465 |   5745 |  12 |  695.4 |
       Dungeon |   8029 |   7609 |    420 |    447 |   5745 |  10 |  802.9 |
          Lair |     98 |     98 |      0 |     18 |      0 |   1 |   98.0 |
      Gauntlet |    217 |    217 |      0 |      0 |      0 |   1 |  217.0 |
               +--------+--------+--------+--------+--------+-----+--------+

Top non-repeatable levels by time:
     D:4: 1347 daAuts
     D:3: 1054 daAuts
     D:1: 889 daAuts
     D:5: 856 daAuts
     D:2: 845 daAuts
     D:6: 841 daAuts
     D:7: 829 daAuts
     D:8: 735 daAuts
     D:9: 610 daAuts
Gauntlet: 217 daAuts
  Lair:1: 98 daAuts
    D:10: 19 daAuts
